 Dungeon Crawl Stone Soup version 0.21.1-1-g345015fe64 (webtiles) character file.

2226 Peloso the Carver (level 9, 0/75 HPs)
             Began as a Minotaur Fighter on Apr 9, 2018.
             Was a Follower of Okawaru.
             Slain by a wyvern zombie (9 damage)
             ... on level 7 of the Dungeon.
             The game lasted 00:10:58 (5661 turns).

Peloso the Carver (Minotaur Fighter)                Turns: 5661, Time: 00:10:59

Health: 0/75       AC: 13    Str: 22    XL:     9   Next: 13%
Magic:  8/8        EV:  6    Int:  5    God:    Okawaru [*.....]
Gold:   243        SH: 12    Dex: 12    Spells: 8/8 levels left

rFire    . . .     SeeInvis .   a - +1 long sword
rCold    . . .     Gourm    .   c - +1 shield
rNeg     . . .     Faith    .   b - +0 plate armour
rPois    .         Spirit   .   (helmet restricted)
rElec    .         Reflect  .   (no cloak)
rCorr    .         Harm     .   (no gloves)
MR       +....                  (no boots)
Stlth    ..........             (no amulet)
HPRegen  0.22/turn              t - ring of protection from magic
MPRegen  0.11/turn              y - ring of stealth

@: no status effects
A: retaliatory headbutt, horns 2
a: Heroism, Renounce Religion


You were on level 7 of the Dungeon.
You worshipped Okawaru.
Okawaru was aware of your devotion.
You were not hungry.

You visited 2 branches of the dungeon, and saw 8 of its levels.
You also visited: Sewer.

You collected 243 gold pieces.

Inventory:

Hand Weapons
 a - a +1 long sword (weapon)
 s - a +2 whip of flaming
Armour
 b - a +0 plate armour (worn)
 c - a +1 shield (worn)
Jewellery
 r - an uncursed amulet of harm
 t - a ring of protection from magic (left hand)
 y - a ring of stealth (right hand)
Scrolls
 e - a scroll of fog
 g - 5 scrolls of teleportation
 h - a scroll of identify
 i - 2 scrolls of remove curse
 l - 2 scrolls of blinking
 u - a scroll of amnesia
 v - a scroll of enchant weapon
Potions
 j - a potion of brilliance
 k - a potion of invisibility
 m - 2 potions of heal wounds
 n - a potion of haste
 o - a potion of flight
 p - a potion of agility
 q - 2 potions of magic {unknown}
 w - 3 potions of curing {unknown}
 x - a potion of ambrosia {unknown}
 z - a potion of degeneration {unknown}
Comestibles
 d - 3 chunks of flesh
 f - 4 rations


   Skills:
 + Level 6.1 Fighting
 + Level 9.2 Long Blades
 + Level 7.4 Armour
 + Level 3.1 Dodging
 + Level 0.7 Stealth
 + Level 8.0 Shields


You had 8 spell levels left.
You didn't know any spells.

Dungeon Overview and Level Annotations

Branches:
Dungeon (7/15)             Temple (1/1) D:5

Altars:
Ashenzari
Fedhas
Makhleb
Nemelex Xobeh
Okawaru
Ru
Xom
The Shining One

Shops:
D:6 }


Innate Abilities, Weirdness & Mutations

You reflexively headbutt those who attack you in melee.
You have a pair of horns on your head.


Message History

Your Shields skill increases to level 8!
You hit the wyvern zombie. You headbutt the wyvern zombie!
The wyvern zombie is moderately damaged.
The wyvern zombie bites you but does no damage.
Unknown command.
You hit the wyvern zombie. You headbutt the wyvern zombie.
The wyvern zombie is heavily damaged.
The wyvern zombie bites you.
* * * LOW HITPOINT WARNING * * *
Unknown command.
The wyvern zombie barely misses you. You furiously retaliate!
You headbutt the wyvern zombie! You block the wyvern zombie's attack.
The wyvern zombie bites you.
* * * LOW HITPOINT WARNING * * *
There is a stone staircase leading up, spattered with blood here.
Things that are here:
3 poisoned needles; 7 stones You block the wyvern zombie's attack.
The wyvern zombie bites you!
You die...

#+##############
..##.<..##.....#..###+##
.....(.@Zs....#.........
........)....(#.........
..............#.........
..##+#####....##...#####
. #....##)### .....#...
......#.... ....#.....
####..###


You could see a scorpion and a wyvern zombie.

Vanquished Creatures
  The ghost of Tynka the Sneak, a novice KoAs (D:5)
  Grinder (D:6)
  Edmund (D:4)
  Menkaure (D:6)
  An orc warrior (D:6)
  An ice beast (D:7)
  2 ogres
  2 centaurs
  A big kobold (D:6)
  2 bullfrogs (D:6)
  2 scorpions
  3 wights (D:5)
  A crimson imp (D:4)
  A bullfrog zombie (D:5)
  A jelly (D:5)
  An orc priest (D:6)
  A hound (D:5)
  An iguana (D:6)
  An orc wizard (D:6)
  3 worker ants
  2 hound zombies
  A hound skeleton (D:5)
  8 gnolls (D:5)
  2 howler monkey skeletons
  3 river rats (Sewer)
  6 adders
  An ooze (D:3)
  An adder skeleton (D:5)
  3 worms
  6 dart slugs
  3 leopard geckos
  7 orcs
  4 ball pythons
  9 giant cockroaches
  3 hobgoblins
  4 jackals (D:4)
  14 kobolds
  8 bats
  9 frilled lizards
  4 goblins
  A quokka zombie (D:5)
  16 rats
143 creatures vanquished.

Notes
Turn   | Place    | Note
-------+----------+-------------------------------------------
     0 | D:1      | Peloso the Minotaur Fighter began the quest for the Orb.
     0 | D:1      | Reached XP level 1. HP: 19/19 MP: 0/0
   157 | D:1      | Reached XP level 2. HP: 17/27 MP: 1/1
   323 | D:1      | Reached skill level 3 in Long Blades
   566 | D:1      | Reached XP level 3. HP: 33/33 MP: 2/2
  1228 | D:2      | Found a sparkling altar of Nemelex Xobeh.
  1231 | D:2      | Found a shattered altar of Ashenzari.
  1232 | D:2      | Found a blossoming altar of Fedhas.
  1233 | D:2      | Found a sacrificial altar of Ru.
  1504 | D:3      | Reached XP level 4. HP: 32/40 MP: 3/3
  1622 | D:3      | Found a sparkling altar of Nemelex Xobeh.
  1650 | D:3      | Found a glowing drain.
  1681 | Sewer    | Entered a sewer
  1724 | Sewer    | Reached skill level 4 in Long Blades
  1795 | Sewer    | Reached skill level 1 in Dodging
  2005 | Sewer    | Reached XP level 5. HP: 46/46 MP: 4/4
  2440 | D:3      | Reached skill level 5 in Shields
  2563 | D:4      | Noticed Edmund
  2579 | D:4      | Killed Edmund
  2579 | D:4      | Reached XP level 6. HP: 42/53 MP: 5/5
  2740 | D:4      | Reached skill level 5 in Long Blades
  2788 | D:4      | Found a shattered altar of Ashenzari.
  3183 | D:4      | Found a burning altar of Makhleb.
  3184 | D:4      | Found a shimmering altar of Xom.
  3346 | D:5      | Entered Level 5 of the Dungeon
  3351 | D:5      | Got a crystal hunting sling
  3352 | D:5      | Identified the +6 hunting sling "Zeaxeism" {freeze, rC+ MR+ Str+2 Dex-3} (You found it on level 5 of the Dungeon)
  3379 | D:5      | Noticed Tynka's ghost (novice KoAs)
  3382 | D:5      | Reached skill level 5 in Armour
  3402 | D:5      | Killed Tynka's ghost
  3402 | D:5      | Reached skill level 6 in Long Blades
  3402 | D:5      | Reached XP level 7. HP: 14/60 MP: 6/6
  3628 | D:5      | Reached skill level 5 in Fighting
  3890 | D:5      | Found a staircase to the Ecumenical Temple.
  3896 | Temple   | Entered the Ecumenical Temple
  3899 | Temple   | Became a worshipper of Warmaster Okawaru
  3991 | D:5      | Reached XP level 8. HP: 68/68 MP: 7/7
  4090 | D:5      | Reached skill level 7 in Long Blades
  4709 | D:6      | Reached skill level 8 in Long Blades
  4757 | D:6      | Reached * piety under Okawaru
  4768 | D:6      | Found Jiegeg's Gadget Emporium.
  4784 | D:6      | Noticed Grinder
  4793 | D:6      | Paralysed by Grinder for 2 turns
  4798 | D:6      | Paralysed by Grinder for 4 turns
  4813 | D:6      | Killed Grinder
  4982 | D:6      | Noticed Menkaure
  4990 | D:6      | Killed Menkaure
  5510 | D:6      | Reached skill level 9 in Long Blades
  5510 | D:6      | Reached XP level 9. HP: 66/75 MP: 8/8
  5661 | D:7      | Slain by a wyvern zombie

Skill      XL: |  1  2  3  4  5  6  7  8  9 |
---------------+----------------------------+-----
Shields        | 4 5 6 7 8 |  8.0
Long Blades    | 3 4 6 9 |  9.2
Armour         | 4 5 6 7 |  7.4
Fighting       | 4 5 6 |  6.1
Dodging        | 1 2 3 |  3.1
Stealth        | |  0.7

Action                   |  1- 3 |  4- 6 |  7- 9 || total
-------------------------+-------+-------+-------++-------
Melee: Long sword        |    89 |   162 |   194 ||   445
       Headbutt          |    12 |    25 |    46 ||    83
  Use: Scroll            |       |     8 |     5 ||    13
       Potion            |       |     1 |     1 ||     2
  Eat: Chunk             |     2 |     5 |     6 ||    13
       Ration            |       |       |     1 ||     1
Armor: Scale mail        |    42 |    36 |     3 ||    81
       Plate armour      |       |       |    65 ||    65
Dodge: Dodged            |    20 |    39 |    45 ||   104
Block: Shield            |    51 |    86 |   110 ||   247
       Rpst.: Long sword |     7 |    11 |    14 ||    32
